 Dungeon Crawl Stone Soup version 0.30-a0-6-g7c9e10e132 (webtiles) character file.

Game seed: 18266105529365340006

465 Setbun the Basher (level 6, -1/51 HPs)
             Began as a Minotaur Fighter on Aug 22, 2022.
             Slain by Prince Ribbit (15 damage)
             ... on level 5 of the Dungeon.
             The game lasted 00:03:09 (3822 turns).

Setbun the Basher (Minotaur Fighter)                Turns: 3822, Time: 00:03:10

Health: -1/51      AC: 10    Str: 22    XL:     6   Next: 80%
Magic:  5/5        EV: 11    Int:  5    God:
Gold:   293        SH:  4    Dex: 10    Spells: 5/5 levels left

rFire   . . .      SeeInvis .    a - +0 flail
rCold   . . .      Faith    .    c - +0 buckler
rNeg    . . .      Spirit   .    k - +0 chain mail
rPois   +          Reflect  .    (helmet restricted)
rElec   .          Harm     .    (no cloak)
rCorr   .          Rampage  .    (no gloves)
Will    .....                    p - +0 pair of boots
Stlth   ..........               (no amulet)
HPRegen 0.17/turn                w - ring of poison resistance
MPRegen 0.09/turn                A - +4 ring of evasion

@: no status effects
A: horns 2, retaliatory headbutt
a: no special abilities


You were on level 5 of the Dungeon.
You visited 1 branch of the dungeon, and saw 5 of its levels.

You collected 293 gold pieces.

Inventory:

Hand Weapons
 a - a +0 flail (weapon)
Armour
 b - a +0 scale mail
 c - a +0 buckler (worn)
 k - a +0 chain mail (worn)
 p - a +0 pair of boots (worn)
Jewellery
 m - a ring of wizardry
 n - a ring of protection from cold
 w - a ring of poison resistance (left hand)
 A - a +4 ring of evasion (right hand)
Wands
 q - a wand of paralysis (9)
Scrolls
 f - a scroll of blinking {unknown}
 g - 2 scrolls of immolation {unknown}
 l - 6 scrolls of identify {unknown}
 o - a scroll of enchant weapon {unknown}
 r - a scroll of enchant armour {unknown}
 t - a scroll of fear {unknown}
 v - a scroll of teleportation {unknown}
 y - a scroll of fog {unknown}
 C - a scroll of amnesia {unknown}
 D - a scroll of silence {unknown}
Potions
 d - a potion of might
 e - a potion of berserk rage {unknown}
 h - a potion of heal wounds {unknown}
 i - a potion of degeneration {unknown}
 j - 2 potions of ambrosia {unknown}
 s - a potion of flight {unknown}
 u - a potion of brilliance {unknown}
 x - 2 potions of curing {unknown}
 z - a potion of experience {unknown}
 B - 3 potions of lignification {unknown}


   Skills:
 - Level 3.6 Fighting
 * Level 8.9 Maces & Flails
 - Level 3.6 Armour
 - Level 3.6 Shields


You had 5 spell levels left.
You didn't know any spells.
Your spell library contained the following spells:

 Spells                   Type           Power      Damage    Failure   Level
 Shock                    Conj/Air       0%         1d3       99%         1
 Swiftness                Air            0%         N/A       100%        3
 Airstrike                Air            0%         2d(0-16)  100%        4
 Petrify                  Tmut/Erth      0%         N/A       100%        4
 Freezing Cloud           Conj/Ice/Air   0%         6-21      100%        5
 Metabolic Englaciation   Hex/Ice        0%         N/A       100%        5
 Simulacrum               Ice/Necr       0%         N/A       100%        6
 Statue Form              Tmut/Erth      0%         N/A       100%        6
 Polar Vortex             Ice            0%         N/A       100%        9


Dungeon Overview and Level Annotations

Branches:
Dungeon (5/15)
 Temple: D:4-7

Altars:
Elyvilon
Nemelex Xobeh
Qazlal
Wu Jian
Xom
Yredelemnul
Zin

Annotations:
D:5 Prince Ribbit


Innate Abilities, Weirdness & Mutations

You have a pair of horns on your head.
You reflexively headbutt those who attack you in melee.


Message History

Prince Ribbit blinks!
You completely miss Prince Ribbit. Your headbutt misses Prince Ribbit.
Prince Ribbit hits you!
You barely miss Prince Ribbit. Your headbutt misses Prince Ribbit.
Prince Ribbit hits you. You block Prince Ribbit's attack.
You closely miss Prince Ribbit. Prince Ribbit misses you.
You miss Prince Ribbit. You headbutt Prince Ribbit.
Prince Ribbit is lightly wounded.
Prince Ribbit misses you. You furiously retaliate!
You headbutt Prince Ribbit. You miss Prince Ribbit.
Your headbutt misses Prince Ribbit.
Prince Ribbit is moderately wounded.
Prince Ribbit completely misses you. You furiously retaliate!
You headbutt Prince Ribbit! Prince Ribbit hits you.
You closely miss Prince Ribbit. Your headbutt misses Prince Ribbit.
Prince Ribbit is severely wounded.
Prince Ribbit hits you!
You are too injured to fight recklessly!
You are too injured to fight recklessly!
You are too injured to fight recklessly!
You are too injured to fight recklessly!
You are too injured to fight recklessly!
You are too injured to fight recklessly!
You are too injured to fight recklessly!
You are too injured to fight recklessly!
You are too injured to fight recklessly!
You are too injured to fight recklessly!
You are too injured to fight recklessly!
You are too injured to fight recklessly!
You are too injured to fight recklessly!
You sock Prince Ribbit! Your headbutt misses Prince Ribbit.
Prince Ribbit is almost dead.
Prince Ribbit hits you! You block Prince Ribbit's attack.
You barely miss Prince Ribbit.
Prince Ribbit is almost dead.
Prince Ribbit hits you.
* * * LOW HITPOINT WARNING * * *
You closely miss Prince Ribbit.
Prince Ribbit is almost dead.
Prince Ribbit hits you!
You die...

#.....#
#.#.####.
#####.#
#........
#.#
##.......
#.#
#..##...
#.#
#.#..##.
#.#
#..### #.
#.# ....
.. #.#
###.. ..
#@# #..
.. #F#
#.# #.#
#.# ...
.## .


You could see Prince Ribbit.

Vanquished Creatures
  An ice beast (D:5)
  A sky beast (D:5)
  A scorpion (D:4)
  A howler monkey (D:4)
  A hound (D:5)
  A gnoll (D:2)
  7 adders
  2 worms
  4 dart slugs
  An orc (D:4)
  9 endoplasms
  5 giant cockroaches
  3 goblins (D:2)
  7 hobgoblins
  8 jackals
  A quokka (D:2)
  3 ball pythons (D:2)
  4 bats
  3 frilled lizards
  4 kobolds
  2 rats
  2 bushes (D:3)
71 creatures vanquished.

Vanquished Creatures (others)
  5 plants (D:3)
5 creatures vanquished.

Grand Total: 76 creatures vanquished

Notes
Turn   | Place    | Note
-------+----------+-------------------------------------------
     0 | D:1      | Setbun the Minotaur Fighter began the quest for the Orb.
     0 | D:1      | Reached XP level 1. HP: 19/19 MP: 0/0
   103 | D:1      | Reached skill level 3 in Maces & Flails
   154 | D:1      | Found a faded altar of an unknown god.
   173 | D:1      | Reached XP level 2. HP: 13/26 MP: 1/1
   507 | D:1      | Reached skill level 4 in Maces & Flails
   919 | D:2      | Reached XP level 3. HP: 31/31 MP: 2/2
  1383 | D:2      | Reached skill level 5 in Maces & Flails
  1387 | D:2      | Reached XP level 4. HP: 31/39 MP: 3/3
  1467 | D:2      | Found a basalt altar of Yredelemnul.
  1983 | D:3      | Found a stormy altar of Qazlal.
  1987 | D:3      | Reached skill level 6 in Maces & Flails
  2504 | D:3      | Found an ornate altar of the Wu Jian Council.
  2942 | D:4      | Found a basalt altar of Yredelemnul.
  3034 | D:4      | Reached XP level 5. HP: 45/45 MP: 4/4
  3035 | D:4      | Identified the +6 spear of Girerchoi {freeze, rPois rN+
                  | Str-5}
  3167 | D:4      | Found a glowing silver altar of Zin.
  3199 | D:4      | Found a sparkling altar of Nemelex Xobeh.
  3199 | D:4      | Found a shimmering altar of Xom.
  3274 | D:4      | Found a white marble altar of Elyvilon.
  3320 | D:4      | Reached skill level 7 in Maces & Flails
  3345 | D:4      | Paralysed by an orc for 5 turns
  3530 | D:5      | Entered Level 5 of the Dungeon
  3535 | D:5      | Noticed an ice beast
  3537 | D:5      | Reached XP level 6. HP: 51/51 MP: 5/5
  3549 | D:5      | Killed an ice beast
  3550 | D:5      | Reached skill level 8 in Maces & Flails
  3630 | D:5      | Noticed a sky beast
  3638 | D:5      | Killed a sky beast
  3812 | D:5      | Noticed Prince Ribbit
  3822 | D:5      | Slain by Prince Ribbit

Illustrated notes

Levels and vault maps discovered:
D:1:      lightli_arrival_noodles, layout_rooms, serial_forest,
          infiniplex_forest_straight_1, infiniplex_forest_clump_small,
          infiniplex_forest_fountain, infiniplex_forest_lined_4_way,
          infiniplex_forest_join, infiniplex_forest_straight_4,
          ebering_ecumenical_altar_abandoned
D:2:      layout_rooms, basic_altar, minmay_fractal_squares_5
D:3:      layout_basic, nicolae_qazlal_scattered_showers, lemuel_round_altar,
          serial_forest, infiniplex_forest_lined_4_way,
          infiniplex_forest_clump_small, infiniplex_forest_zigzag_2,
          infiniplex_forest_straight_4, infiniplex_forest_split,
          infiniplex_forest_lined_1, infiniplex_forest_clump_double
D:4:      layout_cave_pools, kennysheep_ying_yang, zin_treasury,
          gammafunk_temple_overflow_elements, minmay_diced_spiral
D:5:      layout_loops_ring, minmay_misc_feat_square, st_stairs_9,
          uniq_prince_ribbit1

Skill      XL: |  1  2  3  4  5  6 |
---------------+-------------------+-----
Maces & Flails | 3 4 5 6 7 8 |  8.9
Fighting       | |  3.6
Armour         | |  3.6
Shields        | |  3.6

Action                   |  1- 3 |  4- 6 || total
-------------------------+-------+-------++-------
Melee: Flail             |    72 |   179 ||   251
       Headbutt          |     9 |    37 ||    46
Armor: Scale mail        |    10 |       ||    10
       Chain mail        |    36 |    53 ||    89
Dodge: Dodged            |    39 |    25 ||    64
Block: Buckler           |    32 |    15 ||    47

Table legend: (Time is in decaauts)
 A = Elapsed time spent in this place.
 B = Non-inter-level travel time spent in this place.
 C = Inter-level travel time spent in this place.
 D = Time resting spent in this place.
 E = Time spent auto-exploring this place.
 F = Levels seen in this place.
 G = Mean time per level.
                   A        B        C        D        E       F      G
               +--------+--------+--------+--------+--------+-----+--------+
         Total |   3855 |   3736 |    119 |    344 |   2815 |   5 |  771.0 |
       Dungeon |   3855 |   3736 |    119 |    344 |   2815 |   5 |  771.0 |
               +--------+--------+--------+--------+--------+-----+--------+

Top non-repeatable levels by time:
     D:3: 1020 daAuts
     D:2: 935 daAuts
     D:1: 916 daAuts
     D:4: 694 daAuts
     D:5: 287 daAuts
